Map: Honorgrounds LE

Players

GuMiho - Winner!

  • Race: Terran Terran
  • Spawn Location: 1:00

ShoWTimE

  • Race: Protoss Protoss
  • Spawn Location: 11:00

Event: IEM XI Katowice - World Championship 2017

VOD

Have the link to the VOD?

Description

Time

  • Played on: March 3, 2017, 2:26 p.m.
  • Length: 22:46

All games in this series

Show
View Real Time Build Order
Export as new Build Order

GuMiho Terran - Winner!

Build Orders: Cyclone Opening, MMM Bio 

Get SALT Encoding   

  12  0:00  SCV  
  13  0:12  SCV  
  14  0:18  Supply Depot  
  14  0:24  SCV  
  15  0:31  Refinery  
  15  0:39  SCV  
  16  0:47  Barracks  
  16  0:52  SCV  
  17  1:04  SCV  
  18  1:16  SCV  
  20  1:35  Reaper, Orbital Command  
  20  1:46  Command Center  
  20  1:58  Factory  
  20  2:02  SCV  
  20  2:08  Barracks Reactor  
  21  2:12  Refinery  
  21  2:15  SCV  
  22  2:21  Supply Depot  
  22  2:27  SCV  
  23  2:43  SCV, Cyclone  
  27  2:47  Marine x2  
  29  2:55  SCV  
  30  2:59  Orbital Command  
  30  3:06  Starport  
  30  3:09  SCV  
  30  3:12  Marine  
  32  3:16  Marine  
  32  3:20  Factory Tech Lab  
  32  3:21  SCV  
  32  3:26  SCV  
  34  3:29  Marine  
  34  3:34  Marine, Supply Depot  
  35  3:37  SCV  
  35  3:39  SCV  
  38  3:48  Raven, Widow Mine  
  38  3:50  Marine  
  38  3:51  Marine  
  38  3:52  SCV x2  
  46  4:02  Supply Depot  
  46  4:04  SCV  
  48  4:10  SCV  
  48  4:12  Marine x2  
  48  4:17  SCV  
  50  4:22  SCV  
  50  4:23  Command Center  
  51  4:29  SCV  
  52  4:34  SCV  
  55  4:41  SCV  
  54  4:45  Barracks  
  54  4:46  Factory Reactor, Starport Reactor, SCV, Barracks  
  54  4:51  Engineering Bay  
  54  4:52  Engineering Bay  
  55  4:54  SCV  
  55  4:56  Stimpack  
  55  4:58  Marine, SCV  
  58  5:01  Refinery  
  58  5:02  Refinery  
  58  5:07  Supply Depot, SCV  
  58  5:11  SCV  
  60  5:17  Marine, Supply Depot  
  60  5:19  Terran Infantry Weapons Level 1  
  61  5:22  Terran Infantry Armor Level 1  
  61  5:28  SCV x2  
  59  5:34  Marine  
  60  5:38  Orbital Command  
  60  5:39  Widow Mine x2  
  60  5:41  SCV x2  
  66  5:43  Starport Reactor  
  66  5:52  Marine x3  
  66  5:53  Marine x2  
  66  5:55  Missile Turret  
  71  5:57  SCV x2  
  71  6:02  Barracks  
  73  6:04  Barracks  
  73  6:10  Widow Mine x2  
  77  6:12  SCV x2  
  77  6:15  Marine x2, Orbital Command  
  77  6:16  Marine x3  
  84  6:24  Supply Depot, SCV x2  
  86  6:28  Supply Depot  
  86  6:33  Marine x3  
  86  6:36  SCV x2  
  91  6:40  Armory  
  91  6:41  SCV  
  91  6:45  Widow Mine x2  
  96  6:47  Supply Depot  
  96  6:52  Supply Depot, SCV x2  
  98  6:54  SCV  
  98  6:56  Medivac  
  98  6:58  Medivac  
  98  7:00  Barracks Tech Lab x2  
  102  7:04  Combat Shields, SCV  
  102  7:06  SCV x2  
  105  7:20  Marauder  
  103  7:27  Marine x2  
  103  7:29  Widow Mine x2  
  107  7:31  Marauder x2  
  107  7:33  Medivac x2  
  107  7:34  Marine x2  
  107  7:35  SCV x2  
  107  7:36  Terran Infantry Weapons Level 2  
  117  7:37  Bunker, Terran Infantry Armor Level 2  
  117  7:41  Missile Turret  
  117  7:42  Supply Depot, Bunker  
  117  7:44  Supply Depot  
  117  7:46  Marine, Marauder  
  117  7:48  Marine  
  117  7:51  Marine  
  117  7:52  Concussive Shells, Marauder  
  117  7:54  SCV x3  
  123  7:58  Supply Depot  
  123  8:00  Widow Mine  
  123  8:01  Supply Depot  
  123  8:03  Widow Mine  
  127  8:08  Marauder  
  127  8:13  Marauder x2  
  127  8:15  Marine x2  
  127  8:16  Marine x2, Starport  
  135  8:26  Refinery  
  133  8:29  Refinery  
  133  8:30  Marauder  
  133  8:31  Viking x2  
  137  8:35  Marauder x2  
  137  8:36  Marine x3  
  137  8:37  Marine  
  137  8:38  Supply Depot  
  137  8:39  Terran Ship Weapons Level 1  
  137  8:40  Supply Depot  
  145  8:51  Marine, SCV  
  147  8:56  Marine x3, Marauder x2  
  147  8:57  Marine  
  153  9:03  Viking x2  
  153  9:04  Viking  
  153  9:05  Viking  
  153  9:09  Marauder  
  160  9:14  Marine x2  
  162  9:18  Marine, Marauder x2  
  167  9:31  Marauder, Ghost Academy  
  169  9:34  Sensor Tower  
  168  9:39  Marauder x2, Command Center  
  168  9:44  Viking x4  
  180  9:53  Marine x2  
  180  9:54  Marauder  
  180  9:57  Terran Infantry Weapons Level 3  
  180  9:59  Marine x2  
  186  10:00  Marauder  
  186  10:05  Terran Infantry Armor Level 3  
  188  10:14  Barracks x2  
  188  10:16  Barracks  
  188  10:34  Terran Ship Weapons Level 2  
  188  10:41  Ghost x3  
  188  10:42  Marine x2  
  195  10:44  Marine  
  195  10:45  Marine  
  194  10:52  Medivac x2  
  195  10:59  Marine  
  189  11:06  SCV x2  
  189  11:07  SCV  
  192  11:12  Barracks Tech Lab, Barracks Reactor  
  192  11:13  Barracks Tech Lab  
  192  11:18  Marine x2, Marauder  
  192  11:19  Marine x2, Marauder x2  
  200  11:50  Refinery  
  200  12:11  Command Center  
  200  12:14  Barracks x2  
  200  12:17  Planetary Fortress, Barracks  
  200  12:20  Barracks  
  200  12:22  Missile Turret  
  200  12:24  Missile Turret  
  200  12:26  Missile Turret  
  200  12:32  Missile Turret  
  193  12:44  Marauder x2  
  193  12:45  Marine, Marauder  
  195  13:10  Marine x2, Marauder x2  
  188  13:14  Marine x2, Marauder  
  188  13:18  Marine x2  
  188  13:19  Marauder  
  151  13:23  Marine x2  
  151  13:24  Marauder  
  142  13:29  Marine x3  
  142  13:31  Liberator x4, Marauder x2  
  142  13:32  Marine x2  
  151  13:36  Marine x2, Marauder  
  154  13:43  Marauder  
  154  13:45  Marauder  
  154  13:46  Terran Ship Weapons Level 3  
  166  13:49  Barracks Tech Lab x2  
  166  13:50  Marine x2, Barracks Tech Lab  
  166  13:53  Marauder x2  
  176  13:57  Marauder  
  176  14:04  Marine, Marauder  
  176  14:06  Marauder  
  179  14:11  Marauder x2  
  179  14:12  Marine  
  179  14:13  Marine  
  179  14:14  Marauder x2  
  188  14:23  Missile Turret  
  187  14:29  Planetary Fortress  
  185  14:38  Marine x6, Marauder x2  
  186  14:41  Marauder  
  186  14:42  Marine, Marauder  
  192  14:47  SCV x2  
  192  14:48  SCV  
  186  14:55  Marauder x2  
  184  15:04  Marine x2, Marauder x2  
  184  15:05  Marine  
  182  15:13  Marauder x2  
  175  15:18  Marauder  
  175  15:21  Marine x2, Marauder  
  176  15:26  Marauder  
  176  15:27  Marine, Marauder  
  181  15:29  Marine  
  182  15:38  Marine x2, Marauder  
  182  15:42  Liberator  
  186  15:46  Marine x2  
  186  15:49  Marauder  
  194  15:53  Missile Turret  
  189  16:02  Medivac x3  
  186  16:16  Marine x2  
  186  16:17  Marauder x2  
  186  16:24  Marine x3, Marauder  
  191  16:32  Medivac  
  184  16:36  Marauder  
  184  16:37  Marine x3  
  184  16:38  Marine x2  
  184  16:39  Marine  
  187  16:40  Marine  
  187  16:41  Marauder x2  
  187  16:42  Marine  
  191  16:50  Marine x2, Marauder  
  191  16:56  Marauder  
  178  17:05  Marine x2  
  178  17:06  Marine, Marauder  
  158  17:15  Marine x4, Marauder x2  
  141  17:17  Marine, Marauder x3  
  141  17:21  Medivac  
  153  17:23  Marine x2  
  153  17:25  Medivac x2  
  153  17:27  Medivac  
  159  17:34  Marine x2  
  159  17:35  Marine, Marauder  
  159  17:36  Marine  
  156  17:45  Liberator x2  
  101  18:05  Marauder  
  92  18:27  Liberator  
  90  19:07  Orbital Command  
  76  20:32  Orbital Command  
  76  20:34  Barracks Tech Lab x2  
  75  20:44  Barracks Tech Lab x4  
  75  20:47  Supply Depot  
  75  20:48  Supply Depot  
  75  20:49  Supply Depot, Engineering Bay  
  67  20:50  Command Center  
  67  20:59  Marauder x2  
  67  21:00  Barracks Tech Lab  
  67  21:03  Marauder x3  
  67  21:04  Marauder  
  79  21:05  Barracks Tech Lab  
  79  21:12  Supply Depot  
  79  21:13  Supply Depot  
  79  21:14  Supply Depot  
  72  21:20  Marauder x2  
  72  21:25  Marauder x4  
  83  21:30  Marauder x2  
  86  21:42  Marauder x2  
  86  21:46  Marauder x4  
  96  21:51  Marine x2  
  96  21:53  Supply Depot  
  95  21:55  Supply Depot  
  95  22:03  Marauder x2, Refinery x2  
  95  22:07  Marine x4  
  103  22:09  Marine x2  
  105  22:16  Orbital Command  
  105  22:19  Refinery  
  105  22:20  Refinery  
  101  22:24  Marine x2  
  101  22:25  Marine x3  
  101  22:26  Marine x2  
  101  22:27  Marine  
Show
View Real Time Build Order
Export as new Build Order

ShoWTimE Protoss 

Build Orders: 1 Gate Expand, Oracle Opening, Phoenix Opening 

Get SALT Encoding   

  12  0:00  Probe (Chrono Boost)  
  13  0:11  Probe (Chrono Boost)  
  14  0:17  Pylon  
  14  0:22  Probe (Chrono Boost)  
  15  0:36  Probe (Chrono Boost)  
  15  0:37  Gateway  
  16  0:44  Assimilator  
  16  0:46  Probe (Chrono Boost)  
  18  0:57  Probe (Chrono Boost)  
  18  1:07  Probe (Chrono Boost)  
  19  1:21  Nexus  
  19  1:31  Cybernetics Core  
  19  1:35  Probe (Chrono Boost)  
  20  1:41  Assimilator  
  20  1:45  Probe (Chrono Boost)  
  21  1:50  Pylon  
  21  1:56  Probe (Chrono Boost)  
  22  2:04  Adept  
  22  2:08  Probe (Chrono Boost)  
  25  2:20  Stargate, Probe (Chrono Boost)  
  26  2:29  Warp Gate, Adept  
  26  2:32  Probe (Chrono Boost)  
  26  2:35  Probe (Chrono Boost)  
  31  2:44  Probe (Chrono Boost)  
  31  2:45  Probe (Chrono Boost)  
  31  2:55  Probe (Chrono Boost)  
  31  2:56  Probe (Chrono Boost)  
  33  2:59  Oracle  
  36  3:06  Probe (Chrono Boost)  
  36  3:07  Probe (Chrono Boost)  
  38  3:17  Probe (Chrono Boost)  
  38  3:19  Probe (Chrono Boost)  
  40  3:25  Nexus  
  40  3:32  Probe (Chrono Boost)  
  40  3:33  Probe (Chrono Boost)  
  42  3:34  Pylon  
  42  3:37  Phoenix  
  44  3:48  Mothership Core (Chrono Boost)  
  46  3:51  Pylon  
  46  3:52  Probe (Chrono Boost)  
  47  3:59  Phoenix  
  49  4:03  Assimilator, Probe (Chrono Boost)  
  49  4:07  Assimilator, Probe (Chrono Boost)  
  51  4:14  Probe (Chrono Boost)  
  52  4:19  Probe (Chrono Boost)  
  52  4:21  Robotics Facility  
  54  4:24  Probe (Chrono Boost)  
  54  4:29  Phoenix  
  55  4:32  Probe (Chrono Boost)  
  55  4:35  Probe (Chrono Boost)  
  55  4:37  Probe (Chrono Boost)  
  59  4:44  Probe (Chrono Boost)  
  59  4:45  Probe (Chrono Boost)  
  61  4:46  Twilight Council, Forge  
  61  4:47  Probe (Chrono Boost)  
  62  4:52  Pylon  
  62  4:56  Probe x2 (Chrono Boost)  
  62  4:58  Probe (Chrono Boost)  
  65  5:06  Probe (Chrono Boost)  
  67  5:08  Probe (Chrono Boost)  
  67  5:09  Probe (Chrono Boost)  
  67  5:12  Observer  
  69  5:16  Resonating Glaives  
  69  5:17  Probe (Chrono Boost)  
  69  5:19  Probe (Chrono Boost)  
  69  5:20  Probe (Chrono Boost), Gateway  
  69  5:21  Protoss Ground Weapons Level 1, Gateway  
  73  5:28  Probe (Chrono Boost)  
  73  5:30  Probe (Chrono Boost)  
  73  5:32  Probe (Chrono Boost)  
  73  5:35  Robotics Bay, Pylon, Observer  
  76  5:40  Probe (Chrono Boost)  
  76  5:41  Pylon, Probe (Chrono Boost)  
  78  5:47  Gateway  
  78  5:48  Gateway  
  78  5:49  Gateway  
  78  5:54  Probe (Chrono Boost)  
  78  5:55  Probe x2 (Chrono Boost), Sentry  
  83  5:57  Pylon, Observer  
  84  6:05  Assimilator  
  84  6:07  Probe x2 (Chrono Boost)  
  84  6:08  Probe (Chrono Boost)  
  84  6:09  Assimilator  
  87  6:13  Pylon  
  87  6:14  Colossus  
  87  6:17  Extended Thermal Lance  
  87  6:21  Adept  
  95  6:33  Adept  
  95  6:38  Pylon  
  97  6:42  Gateway  
  97  6:43  Adept  
  97  6:44  Adept  
  97  6:46  Forge  
  101  6:49  Adept x2  
  101  6:51  Photon Cannon  
  101  6:52  Photon Cannon  
  105  6:59  Photon Cannon  
  105  7:01  Colossus  
  105  7:07  Adept x2  
  115  7:20  Stalker x3  
  121  7:23  Protoss Ground Armor Level 1  
  121  7:27  Probe (Chrono Boost)  
  121  7:28  Probe (Chrono Boost), Protoss Ground Weapons Level 2  
  119  7:33  Stalker x3  
  125  7:38  Gateway  
  123  7:51  Pylon, Robotics Facility  
  123  8:01  Pylon, Colossus  
  123  8:02  Pylon  
  123  8:11  Stalker  
  123  8:12  Stalker  
  132  8:18  Probe (Chrono Boost)  
  135  8:20  Probe x2 (Chrono Boost)  
  135  8:30  Probe (Chrono Boost)  
  135  8:33  Adept x4  
  135  8:34  Pylon  
  144  8:36  Pylon  
  144  8:44  Colossus  
  144  8:47  Pylon  
  144  8:48  Colossus  
  144  8:49  Photon Cannon  
  144  8:51  Stalker x2  
  160  9:12  Nexus  
  160  9:13  Protoss Ground Armor Level 2  
  160  9:14  Pylon  
  160  9:16  Adept x5  
  170  9:19  Adept  
  172  9:26  Pylon  
  172  9:29  Pylon  
  172  9:33  Warp Prism  
  172  9:36  Blink  
  172  9:40  Stalker x3  
  180  9:46  Dark Shrine  
  180  9:49  Pylon  
  180  9:54  Disruptor  
  183  10:00  Stalker  
  183  10:04  Disruptor  
  185  10:08  Protoss Ground Weapons Level 3  
  185  10:10  Assimilator  
  185  10:13  Assimilator  
  185  10:15  Photon Cannon  
  185  10:22  Adept x4  
  185  10:27  Adept  
  195  10:34  Disruptor  
  196  10:45  Adept  
  196  10:46  Adept  
  200  10:56  Adept  
  200  10:59  Gateway  
  200  11:01  Observer  
  200  11:02  Gateway  
  192  11:04  Templar Archives  
  190  11:21  Observer  
  191  11:26  Gateway, Stalker x2  
  191  11:27  Dark Templar x2  
  191  11:31  Gateway  
  199  11:34  Disruptor  
  196  11:40  Protoss Ground Armor Level 3  
  196  11:41  Psionic Storm  
  196  11:45  Dark Templar x2, Stalker  
  196  12:11  High Templar x2  
  196  12:15  Photon Cannon  
  200  12:16  Photon Cannon  
  200  12:19  Photon Cannon  
  200  12:22  Photon Cannon  
  200  12:23  Pylon  
  200  12:30  Nexus  
  200  12:32  Pylon  
  200  12:36  Pylon  
  198  12:39  High Templar x2  
  194  12:50  Stalker x3  
  198  12:58  Dark Templar  
  198  13:12  Disruptor  
  173  13:14  Disruptor  
  141  13:20  Adept, Archon  
  141  13:21  Adept x6  
  141  13:22  Adept  
  137  13:28  Adept x2  
  137  13:33  Dark Templar  
  134  13:42  Stalker x4  
  134  13:43  Stalker x3  
  148  13:50  Colossus  
  148  13:51  Disruptor  
  148  13:52  Sentry x3  
  161  14:11  Stalker x2  
  161  14:12  Adept x2, Stalker  
  171  14:19  Probe x3 (Chrono Boost)  
  174  14:24  Pylon  
  174  14:25  Disruptor  
  177  14:38  Adept x4  
  173  14:44  Disruptor  
  176  14:46  Dark Templar  
  176  14:47  Assimilator  
  176  14:49  Assimilator  
  149  15:04  Disruptor, Adept x2, Stalker x2  
  149  15:05  Adept x2  
  148  15:19  Disruptor, Stalker x2  
  148  15:20  Stalker x2  
  151  15:23  High Templar  
  153  15:28  Adept  
  153  15:29  Adept x2  
  159  15:42  High Templar  
  161  15:43  High Templar x3  
  167  15:58  Adept  
  167  15:59  Adept x4, Warp Prism  
  175  16:19  Stalker x3  
  175  16:22  High Templar  
  175  16:36  Adept x4  
  177  16:43  Nexus  
  177  16:44  Dark Templar  
  164  17:02  Dark Templar x2, Adept x2  
  158  17:12  Adept  
  150  17:22  Stalker  
  142  17:40  Dark Templar  
  82  19:13  Observer  

Tags
 
Add a new tag
Caveats
  • Supply blocks, unpowered buildings, or Contaminate may cause inaccurate times.
  • Supply counts are checked every 10 seconds.